AoeStats
← KarlSheppy5860

Arena

504998727Analyzed
1v1 RM · 26d ago on Sep 7, 2026· 57m 52s· 2 players
Game mode
Random Map
Map size
Tiny (2 player)
Population
200
Speed
Normal
Resources
Standard
Victory
Conquest
Starting age
Dark Age
Ending age
Imperial Age
RankedLock teamsTeams togetherTeam positionsShared explorationLock speedFull tech treeHidden civsTurbo modeCheats
Victory
Defeat
🇪🇸 Spanish · Spain
501
+13
🇬🇧 Persians · United Kingdom
440
-13
KarlSheppy5860
14:07 Feudal Age
12:23 Loom
16:00 Double-Bit Axe
15:59 Horse Collar
16:15 Gold Mining
16:16 Stone Mining
22:38 Castle Age
24:11 Bow Saw
24:08 Heavy Plow
24:51 Gold Shaft Mining
24:52 Stone Shaft Mining
29:59 Imperial Age
28:29 Crossbowman
31:58 Kamandaran
33:33 Wheelbarrow
32:45 Town Watch
33:51 Thumb Ring
34:08 Light Cavalry
34:59 Bloodlines
34:50 Husbandry
36:19 Hand Cart
38:34 Two-Man Saw
40:29 Cavalier
51:03 Hussar
[ITVE] - Spark
0:28 Loom
12:41 Feudal Age
20:41 Castle Age
19:10 Double-Bit Axe
19:20 Gold Mining
19:21 Stone Mining
19:34 Horse Collar
21:14 Wheelbarrow
21:11 Bloodlines
21:45 Bow Saw
21:58 Husbandry
27:31 Stone Shaft Mining
27:09 Forging
27:05 Scale Barding Armor
29:07 Murder Holes
29:50 Iron Casting
29:36 Chain Barding Armor
30:46 Heavy Plow
31:13 Ballistics
31:06 Fortified Wall
31:07 Masonry
33:04 Siphons
37:08 Imperial Age
37:15 Imperial Age
37:44 Inquisition
37:20 Cavalier
40:23 Chemistry
43:13 Conscription
42:23 Sappers
43:19 Guilds
48:17 Two-Man Saw
47:54 Hand Cart
49:21 Paladin
51:11 Supremacy
51:27 Hoardings
52:41 Blast Furnace
52:25 Plate Barding Armor
56:19 Elite Conquistador
Connection lost

Rejoining the realm…

Still unreachable

The connection could not be restored.

Session expired

The server has moved on; the page needs a fresh start.